 Dungeon Crawl Stone Soup version 0.16-b1 (webtiles) character file.

9626 abixa the Severer (level 11, 0/92 HPs)
             Began as a Minotaur Berserker on Mar 11, 2015.
             Was a High Priest of Trog.
             Slain by a freezing wraith (7 damage)
             ... in an ice cave.
             The game lasted 00:52:34 (10461 turns).

abixa the Severer (Minotaur Berserker)             Turns: 10461, Time: 00:52:34

Health: 0/92       AC: 14    Str: 25    XL:     11   Next: 25%
Magic:  1/1        EV: 16    Int:  4    God:    Trog [*****.]
Gold:   629        SH:  0    Dex: 19    Spells: 0 memorised, 10 levels left

rFire  + . .     SeeInvis .     a - +3 battleaxe (antimagic)
rCold  + + .     Clarity  .     Z - +1 scale mail {rC+}
rNeg   . . .     SustAb   .     (no shield)
rPois  +         Gourm    .     M - +2 hat
rElec  +         Spirit   .     (no cloak)
rCorr  +         Warding  .     u - +0 pair of gloves {Str+3}
rMut   .         Stasis   .     k - +0 pair of boots (curse)
MR     ++...                    (no amulet)
Stlth  ..........               T - ring "Schexanefa" {rPois Dex+6 Stlth-}
                                U - +4 ring of slaying

@: resistant, regenerating, slowed, very slow, very resistant to hostile
enchantments, extremely unstealthy
A: retaliatory headbutt, horns 2
a: Burn Spellbooks, Berserk, Trog's Hand, Brothers in Arms, Renounce Religion


You were in an ice cave.
You worshipped Trog.
Trog was extremely pleased with you.
You were very hungry.

You visited 2 branches of the dungeon, and saw 12 of its levels.
You also visited: Ice Cave.

You collected 687 gold pieces.
You spent 58 gold pieces at shops.

Inventory:

Hand weapons
 a - a +3 antimagic battleaxe (weapon)
Missiles
 i - 8 tomahawks (quivered)
Armour
 k - a cursed +0 pair of boots (worn)
 u - a +0 pair of gloves of strength (worn)
 M - a +2 hat (worn)
 Z - a +1 scale mail of cold resistance (worn)
Jewellery
 T - the ring "Schexanefa" (right hand) {rPois Dex+6 Stlth-}
   (You found it on level 6 of the Dungeon)

   [ring of loudness]

   It affects your dexterity (+6).
   It protects you from poison.
   It makes you less stealthy.
 U - a +4 ring of slaying (left hand)
Magical devices
 d - a wand of draining (10)
 A - a wand of paralysis (12)
 Q - a wand of fire (0)
 R - a wand of slowing (22)
 Y - a wand of confusion (28)
Scrolls
 e - 3 scrolls of teleportation
 o - 4 scrolls of remove curse
Potions
 l - 5 potions of curing
 q - 2 potions of haste
 r - 3 potions of resistance
 t - 2 potions of might
 w - a potion of agility
Comestibles
 c - 5 bread rations
 j - 4 beef jerkies
 x - 6 meat rations
 z - 10 royal jellies
 F - 3 fruits
 N - a slice of pizza


   Skills:
 - Level 7.6 Fighting
 * Level 15.3 Axes
 + Level 10.2 Armour
 + Level 7.2 Dodging


You had 10 spell levels left.
You didn't know any spells.

Dungeon Overview and Level Annotations

Branches:
Dungeon (11/15)            Temple (1/1) D:4             Orc (0/4) D:9
   Lair: D:8-11

Altars:
Ashenzari
Elyvilon
Fedhas
Gozag
Kikubaaqudgha
Makhleb
Nemelex Xobeh
Okawaru
Qazlal
Ru
Sif Muna
Vehumet
Xom
Yredelemnul
Zin
The Shining One

Shops:
D:5 (   D:7 [   D:10 *

Annotations:
D:9 loot
D:11 exclusion: ice statue


Innate Abilities, Weirdness & Mutations

You reflexively headbutt those who attack you in melee.
You have a pair of horns on your head.


Message History

Unknown command.
Read which item? (? for menu, Esc to quit)
Okay, then.
Unknown command.
Unknown command.
Use which ability? (? or * to list)
Your skin crawls.
You feel resistant to hostile enchantments.
You feel slightly more hungry.
The freezing wraith hits you but does no damage.
The freezing wraith completely misses you.
The freezing wraith hits you.
* * * LOW HITPOINT WARNING * * *
The freezing wraith freezes you! You resist.
* * * LOW HITPOINT WARNING * * *
The freezing wraith closely misses you.
Drink which item? (? for menu, Esc to quit)
You feel protected. The freezing wraith hits you!
You die...

#####
##...##
#.....#
#W.#W.##
#..##.@.##
#.# ##...##
#.. ##...##
#.. ##...# .
##..##
######..#
##...###.##
##.....##..#
#...#...#..#


You could see a freezing wraith.

Vanquished Creatures
  An ice statue (D:11)
  Erolcha (D:9)
  Pikel (D:5)
  The ghost of McCoppin the Covert, an experienced FoAs (D:5)
  3 freezing wraiths (IceCv)
  A wyvern (D:11)
  4 yaks (D:10)
  A deep elf mage (D:9)
  A hippogriff (D:7)
  The ghost of McCoppin the Bolt Thrower, an average FoHu (D:4)
  4 wargs (D:9)
  A death yak simulacrum (IceCv)
  A mottled dragon (D:8)
  Edmund (D:9)
  12 ice beasts
  A water moccasin (D:7)
  A wasp (D:8)
  A black bear (D:7)
  An ogre (D:3)
  An alligator simulacrum (IceCv)
  An orc warrior (D:11)
  A spider (D:8)
  3 centaurs
  A crocodile (D:11)
  3 slaves (D:5)
  2 boring beetles (D:8)
  2 big kobolds
  6 giant frogs
  A swamp dragon simulacrum (IceCv)
  2 scorpions
  7 killer bees (D:8)
  4 goliath beetles
  8 hounds
  5 orc priests
  A centaur zombie (D:5)
  8 orc wizards
  7 jellies
  3 centaur skeletons
  A giant frog skeleton (D:6)
  3 giant frog zombies
  8 worker ants
  3 iguanas
  A polar bear simulacrum (IceCv)
  A mummy (D:8)
  A hound skeleton (D:6)
  6 gnolls
  9 adders
  5 white imps (IceCv)
  2 worms
  A giant mite (D:3)
  6 giant geckos
  2 oozes
  36 orcs
  A bat skeleton (D:4)
  5 giant cockroaches
  24 goblins
  25 hobgoblins
  6 jackals (D:9)
  2 quokkas
  3 ball pythons
  13 bats
  A giant gecko zombie (D:5)
  7 giant newts
  26 kobolds
  12 rats
314 creatures vanquished.

Vanquished Creatures (collateral kills)
  An ice beast (D:11)
  4 wights (D:11)
  A white imp (D:11)
6 creatures vanquished.

Vanquished Creatures (others)
  A giant spore (D:11)
1 creature vanquished.

Grand Total: 321 creatures vanquished

Notes
Turn   | Place    | Note
--------------------------------------------------------------
     0 | D:1      | abixa, the Minotaur Berserker, began the quest for the Orb.
     0 | D:1      | Reached XP level 1. HP: 19/19 MP: 1/1
   145 | D:1      | Reached skill level 4 in Axes
   280 | D:1      | Found a stormy altar of Qazlal.
   343 | D:1      | Reached XP level 2. HP: 26/26 MP: 1/1
  1121 | D:2      | Acquired Trog's second power
  1121 | D:2      | Reached skill level 5 in Axes
  1380 | D:2      | Reached XP level 3. HP: 26/31 MP: 2/2
  1995 | D:3      | Found a sacrificial altar of Ru.
  2227 | D:3      | Noticed an ogre
  2244 | D:3      | Killed an ogre
  2244 | D:3      | Reached skill level 6 in Axes
  2244 | D:3      | Reached XP level 4. HP: 27/39 MP: 2/2
  2244 | D:3      | Reached XP level 5. HP: 31/45 MP: 2/2
  2814 | D:2      | Reached skill level 7 in Axes
  2814 | D:2      | Reached XP level 6. HP: 41/51 MP: 3/3
  2944 | D:3      | Reached skill level 5 in Armour
  3265 | D:3      | Acquired Trog's third power
  3350 | D:4      | Noticed McCoppin's ghost (average FoHu)
  3712 | D:4      | Found a staircase to the Ecumenical Temple.
  3722 | Temple   | Entered the Ecumenical Temple
  4054 | D:4      | Killed McCoppin's ghost
  4054 | D:4      | Reached skill level 8 in Axes
  4054 | D:4      | Reached XP level 7. HP: 19/57 MP: 3/3
  4864 | D:5      | Entered Level 5 of the Dungeon
  4864 | D:5      | Found a radiant altar of Vehumet.
  5153 | D:5      | Noticed Pikel
  5170 | D:5      | Killed Pikel
  5170 | D:5      | Reached skill level 9 in Axes
  5170 | D:5      | Reached XP level 8. HP: 53/64 MP: 3/3
  5221 | D:5      | Reached skill level 10 in Axes
  5488 | D:5      | Received a gift from Trog
  5510 | D:5      | Noticed McCoppin's ghost (experienced FoAs)
  5526 | D:5      | Killed McCoppin's ghost
  5526 | D:5      | Reached skill level 11 in Axes
  5574 | D:5      | Found Sav Gohi's Weapon Emporium.
  5812 | D:5      | Found a stormy altar of Qazlal.
  6078 | D:6      | Reached XP level 9. HP: 70/70 MP: 1/4
  6113 | D:6      | Got a wavering turquoise ring
  6115 | D:6      | Identified the ring "Schexanefa" {rPois Dex+6 Stlth-} (You found it on level 6 of the Dungeon)
  6354 | D:6      | Reached skill level 12 in Axes
  7112 | D:7      | Found Giluva's Antique Armour Shop.
  7518 | D:7      | Received a gift from Trog
  7663 | D:7      | Reached skill level 10 in Armour
  7938 | D:8      | Identified a scroll of acquirement
  8006 | D:8      | Found a basalt altar of Yredelemnul.
  8018 | D:8      | Reached skill level 5 in Fighting
  8071 | D:8      | Reached skill level 13 in Axes
  8092 | D:8      | Reached XP level 10. HP: 81/81 MP: 1/4
  8623 | D:8      | You fall through a shaft for 2 floors!
  8623 | D:10     | Entered Level 10 of the Dungeon
  8751 | D:9      | Reached skill level 5 in Dodging
  8853 | D:9      | Noticed Erolcha
  8860 | D:9      | Killed Erolcha
  8979 | D:9      | Reached skill level 14 in Axes
  8985 | D:9      | Found a staircase to the Orcish Mines.
  9160 | D:9      | Noticed Edmund
  9167 | D:9      | Killed Edmund
  9586 | D:10     | Found Strom's Assorted Antiques.
  9597 | D:10     | Bought a scroll of identify for 58 gold pieces
  9781 | D:11     | Noticed an ice statue
  9837 | D:11     | Reached XP level 11. HP: 23/92 MP: 1/4
  9910 | D:11     | Found a frozen archway.
  9910 | D:11     | Noticed an ice statue
  9931 | D:11     | Killed an ice statue
  9968 | IceCv    | Entered an ice cave
  9980 | IceCv    | Reached skill level 15 in Axes
 10461 | IceCv    | Slain by a freezing wraith

Action                   |  1- 3 |  4- 6 |  7- 9 | 10-12 || total
-------------------------+-------+-------+-------+-------++-------
Melee: Hand axe          |   121 |    93 |       |       ||   214
       War axe           |       |    48 |   115 |       ||   163
       Battleaxe         |       |       |   168 |   169 ||   337
 Fire: Blowgun           |       |       |    28 |     4 ||    32
       Hunting sling     |       |       |     1 |       ||     1
Throw: Stone             |    46 |    23 |    13 |       ||    82
       Tomahawk          |       |       |    13 |    13 ||    26
Invok: Berserk           |     1 |     1 |     1 |       ||     3
       Trog's Hand       |       |       |       |     3 ||     3
       Brothers in Arms  |       |       |       |     1 ||     1
Evoke: Wand              |       |       |       |     5 ||     5
  Use: Scroll            |       |       |     7 |     9 ||    16
       Potion            |       |       |       |     2 ||     2
  Eat: Chunk             |     4 |     7 |    14 |     5 ||    30
       Fruit             |       |       |       |     4 ||     4
